 Dungeon Crawl Stone Soup version 0.27-a0-1036-g8e1b44f6bd (webtiles) character file.

Game seed: 14656613814877214182

239 spiderkeys the Distorting Demonspawn (level 5, 0/63 HPs)
             Began as a Demonspawn Abyssal Knight on Apr 18, 2021.
             Was a Believer of Lugonu.
             Slain by a bullfrog (2 damage)
             ... in a sewer.
             The game lasted 00:09:16 (5471 turns).

spiderkeys the Distorting Demonspawn (DsAK)         Turns: 5471, Time: 00:09:16

Health: 0/63       AC: 22    Str: 14    XL:     5   Next: 79%
Magic:  8/8        EV:  2    Int: 13    God:    Lugonu [**....]
Gold:   72         SH:  0    Dex: 12    Spells: 3/4 levels left

rFire    . . .     SeeInvis .   a - +1 spear
rCold    . . .     Faith    .   (no shield)
rNeg     + + +     Spirit   .   (armour currently unavailable)
rPois    +         Reflect  .   (helmet currently unavailable)
rElec    .         Harm     .   (cloak currently unavailable)
rCorr    .         Rampage  .   (gloves currently unavailable)
Will     .....     NoTele   +   (boots currently unavailable)
Stlth    +.........             (no amulet)
HPRegen  0.20/turn              E - +4 ring of evasion
MPRegen  0.11/turn              (no ring)

@: tree-form
A: stationary, stasis, torment immunity, boosted hp, (claws 1), demonic magic 1
a: Renounce Religion, Depart the Abyss, Bend Space


You were in a sewer.
You worshipped Lugonu.
Lugonu was pleased with you.
You were a tree.
You visited 1 branch of the dungeon, and saw 4 of its levels.
You visited the Abyss 1 time.
You also visited: Sewer.

You collected 152 gold pieces.
You spent 80 gold pieces at shops.


Innate Abilities, Weirdness & Mutations

You are a tree.
Your roots penetrate the ground, keeping you stationary.
You cannot be teleported.
You are immune to unholy pain and torment.
Your maximum health is greatly increased.
Your equipment is partially melded.
((You have sharp fingernails.))
Spells you cast may paralyse adjacent enemies.


   Skills:
 + Level 3.9 Fighting
 * Level 3.5 Polearms
 + Level 2.7 Armour
 - Level 1.0 Dodging
 + Level 1.6 Necromancy
 + Level 4.1 Invocations


You had 3 spell levels left.
You knew the following spells:

 Your Spells              Type           Power      Damage    Failure   Level
a - Animate Skeleton      Necr           8%         N/A       16%         1

Your spell library contained the following spells:

 Spells                   Type           Power      Damage    Failure   Level
 Pain                     Necr           16%        1d4       16%         1
 Vampiric Draining        Necr           2%         2d6       43%         3
 Animate Dead             Necr           2%         N/A       85%         4
 Agony                    Necr           4%         N/A       99%         5

Inventory:

Hand Weapons
 a - a +1 spear (weapon)
 w - a +1 hunting sling of freezing
   (You found it on level 4 of the Dungeon)
Missiles
 e - 31 arrows
 f - a throwing net {=f!f}
 h - 2 javelins
 i - 101 stones
 l - 63 sling bullets
 s - 43 bolts
 v - 8 boomerangs
Armour
 b - a +0 leather armour
 r - a +0 scale mail (melded)
   (You took it off Terence on level 3 of the Dungeon)
Jewellery
 E - a +4 ring of evasion (left branch)
   (You found it on level 1 of the Abyss)
Wands
 j - a wand of flame (5)
   (You took it off Terence on level 3 of the Dungeon)
Scrolls
 o - a scroll of blinking {!r}
 p - 2 scrolls of teleportation {@r4}
 t - a scroll of torment {unknown}
 u - a scroll of enchant armour {unknown}
Potions
 c - 2 potions of might {unknown}
 d - 3 potions of invisibility {unknown}
 g - 2 potions of lignification {!q}
 k - a potion of flight {unknown}
 m - a potion of degeneration {unknown}
 n - 2 potions of ambrosia {unknown}

Dungeon Overview and Level Annotations

Branches:
Dungeon (4/15)              Sewer (1/1)
 Temple: D:4-7

Altars:

Shops:
D:2 !

Annotations:
D:4 Dowan, Duvessa

#≈≈≈≈.# #≈≈≈≈≈≈≈≈.≈≈≈ ≈≈
#≈≈≈≈≈# #≈≈≈≈≈≈≈.(.≈. ≈≈
#.≈≈≈≈# #≈≈≈≈≈≈.?((.≈ ≈≈
#.≈≈≈≈# #≈≈≈≈≈≈≈≈}≈≈≈ ≈≈
#.≈≈≈.# #≈≈≈≈≈≈≈≈≈≈≈≈≈.≈≈≈≈
#.≈≈≈.# #≈≈≈≈≈≈≈≈≈≈≈≈≈≈≈≈≈
#.≈≈≈≈# #≈≈≈≈≈≈≈≈≈≈≈≈≈≈≈≈≈
#≈≈≈≈≈#######≈≈≈≈≈≈≈≈≈≈≈≈≈≈≈
#≈≈≈≈≈≈....♣F....≈≈≈≈≈≈≈≈≈≈.
#≈≈≈≈≈≈≈≈≈≈≈F≈≈≈≈≈≈≈≈≈≈≈≈≈≈≈
#.≈≈≈≈≈≈≈≈≈≈≈≈≈≈≈≈≈≈≈≈≈≈≈≈≈≈
#≈≈≈≈≈≈≈≈≈≈≈≈≈≈≈≈≈≈≈≈≈≈≈≈≈≈≈
#≈≈≈≈≈÷≈≈...................
#≈≈≈≈≈######################
#≈≈≈≈≈########
###.≈≈≈≈≈≈≈≈≈≈.########
≈≈≈≈≈≈≈≈≈≈≈†.≈.≈..∩.∩.#


You could see 2 bullfrogs.


Message History

a frilled lizard corpse; a giant cockroach corpse 😎 HP[+2]
Your hp is fully restored (42).
A giant cockroach is nearby!
A giant cockroach is nearby!
You enter the shallow water.
Moving in this stuff is going to be slow.
You reach to attack!
You hit the giant cockroach.
You kill the giant cockroach!
Lugonu accepts your kill.
No target in view!
No target in view!
No target in view!
You enter the shallow water.
Moving in this stuff is going to be slow.
You enter the shallow water.
Moving in this stuff is going to be slow.
You enter the shallow water.
Moving in this stuff is going to be slow.
A bullfrog comes into view.
The bullfrog croaks.
A bullfrog comes into view.
You reach to attack!
You closely miss the bullfrog.
The bullfrog gives a loud, deep croak!
The bullfrog hits you but does no damage.
You hit the bullfrog.
The bullfrog swells and bulges.
The bullfrog hits you but does no damage.
The bullfrog hits you. x2
The bullfrog hits you but does no damage. 😕 HP[-5]
You take 5 damage, and now have 37/42 hp.
The bullfrog hits you but does no damage.
You closely miss the bullfrog. The bullfrog hits you.
The bullfrog hits you but does no damage.
The bullfrog misses you. 😕 HP[-4]
You take 4 damage, and now have 33/42 hp.
You hit the bullfrog but do no damage. The bullfrog misses you.
The bullfrog barely misses you. The bullfrog closely misses you.
You hit the bullfrog. The bullfrog hits you. x2 😮 HP[-7]
You take 7 damage, and now have 26/42 hp.
You are too injured to fight recklessly!
You are too injured to fight recklessly!
You are too injured to fight recklessly!
You are too injured to fight recklessly!
You are too injured to fight recklessly!
You closely miss the bullfrog. The bullfrog completely misses you.
The bullfrog hits you.
* * * LOW HITPOINT WARNING * * *
The bullfrog hits you.
* * * LOW HITPOINT WARNING * * *
😨 HP[-7]
You take 7 damage, and now have 19/42 hp.
You hit the bullfrog. The bullfrog barely misses you. The bullfrog misses you.
The bullfrog closely misses you.
You hit the bullfrog.
The bullfrog hits you but does no damage.
The bullfrog barely misses you. 😨 HP[+1]
You closely miss the bullfrog. The bullfrog completely misses you.
The bullfrog misses you. The bullfrog barely misses you.
The bullfrog misses you.
You hit the bullfrog but do no damage.
The bullfrog hits you but does no damage.
The bullfrog hits you.
* * * LOW HITPOINT WARNING * * *
😨 HP[-4]
You take 4 damage, and now have 16/42 hp.
You hit the bullfrog.
The bullfrog hits you but does no damage.
The bullfrog hits you!
* * * LOW HITPOINT WARNING * * *
The bullfrog completely misses you. 😱 HP[-7]
You take 7 damage, and now have 9/42 hp.
Your scale mail prevents you from hitting the bullfrog.
The bullfrog barely misses you. x2; The bullfrog hits you.
* * * LOW HITPOINT WARNING * * *
😱 HP[-5]
You take 5 damage, and now have 4/42 hp.
Unknown command.
Really quaff
g - 3 potions of lignification {!q}?
Really quaff the potion of lignification?
You turn into a tree.
Your +0 scale mail melds into your body.
Your roots penetrate the ground.
The bullfrog hits you but does no damage.
The bullfrog completely misses you. 😱 HP[+3]
You now have 63 max hp (+21).
You regained 3 hp, and now have 7/63 hp.
You completely miss the bullfrog. The bullfrog hits you.
* * * LOW HITPOINT WARNING * * *
The bullfrog hits you but does no damage.
The bullfrog hits you.
* * * LOW HITPOINT WARNING * * *
The bullfrog hits you.
You die...

Skill      XL: |  1  2  3  4  5 |
---------------+----------------+-----
Polearms       | 2 3 |  3.5
Dodging        | 1 |  1.0
Armour         | 2 |  2.7
Invocations    | 3 4 |  4.1
Necromancy     | 1 |  1.6
Fighting       | |  3.9

Action                   |  1- 3 |  4- 6 || total
-------------------------+-------+-------++-------
Melee: Spear             |   176 |   235 ||   411
Throw: Throwing net      |       |     1 ||     1
 Cast: Animate Skeleton  |       |     1 ||     1
Invok: Depart the Abyss  |     1 |       ||     1
  Use: Scroll            |     3 |     2 ||     5
       Potion            |       |     8 ||     8
 Stab: Sleeping          |     1 |       ||     1
Armor: Leather armour    |    29 |     5 ||    34
       Skin              |       |     8 ||     8
       Scale mail        |       |    48 ||    48
Dodge: Dodged            |   102 |   140 ||   242

Levels and vault maps discovered:
D:1:      dpeg_arrival_rooms_with_view, layout_basic,
          ebering_ecumenical_altar_sacrificial, minmay_misc_feat_enclosed
D:2:      layout_basic, serial_shops, shop, supply_closet_lemuel,
          minmay_statues_item
D:3:      layout_rooms, hangedman_feature_mirror, uniq_terence
D:4:      layout_gridville, xom_redecorated, cheibrodos_sewer_entry_bend,
          kennysheep_nub, grunt_decor_junction, chequers_serial_rivers_micro_e,
          grunt_ministairs_9, chequers_hall_statues_wall_a, minmay_lizard_king,
          uniq_duvessa
Sewer:    sewer_frog_island_01

Notes
Turn   | Place    | Note
-------+----------+-------------------------------------------
     0 | Abyss:1  | spiderkeys the Demonspawn Abyssal Knight began the quest
                  | for the Orb.
     0 | Abyss:1  | Reached XP level 1. HP: 18/18 MP: 2/2
     0 | Abyss:1  | magus.rc [v1.9.10]
   163 | Abyss:1  | Noticed a smoke demon
   188 | Abyss:1  | HP: 2/18 [smoke demon/divine providence (16)]
   189 | D:1      | You pass through the gate.
   189 | D:1      | Escaped the Abyss
   542 | D:1      | Reached skill level 2 in Polearms
   542 | D:1      | Reached skill level 1 in Dodging
   575 | D:1      | Found a faded altar of an unknown god.
   590 | D:1      | Gained mutation: You have sharp fingernails. [demonic
                  | ancestry]
   590 | D:1      | Reached XP level 2. HP: 23/24 MP: 3/3
   614 | D:1      | Reached * piety under Lugonu
   633 | D:1      | HP: 6/24 [quokka (1)]
   640 | D:1      | Reached skill level 2 in Armour
   901 | D:1      | You pick up a book of Necromancy and begin reading...
   901 | D:1      | You add the spells Pain, Animate Skeleton, Vampiric
                  | Draining, Animate Dead and Agony to your library.
   935 | D:1      | Learned a level 1 spell: Animate Skeleton
  1290 | D:1      | Reached XP level 3. HP: 27/29 MP: 5/5
  1594 | D:2      | Found Emeomyt's Distillery.
  1603 | D:2      | Bought a potion of heal wounds for 50 gold pieces
  1622 | D:2      | Reached skill level 3 in Invocations
  2010 | D:2      | Bought a potion of curing for 30 gold pieces
  2652 | D:2      | You pick up a book of Necromancy and begin reading...
  3016 | D:3      | Reached XP level 4. HP: 35/35 MP: 6/6
  3092 | D:3      | Reached ** piety under Lugonu
  3268 | D:3      | Noticed Terence
  3531 | D:3      | HP: 2/35 [Terence/puff of flame (11)]
  3540 | D:3      | HP: 8/35 [Terence/+0 short sword (8)]
  3548 | D:3      | Killed Terence
  3973 | D:3      | Reached skill level 3 in Polearms
  4174 | D:2      | HP: 8/35 [gnoll/+0 halberd (8)]
  4410 | D:3      | Reached skill level 1 in Necromancy
  4608 | D:3      | Gained mutation: Spells you cast may paralyse adjacent
                  | enemies. [demonic ancestry]
  4608 | D:3      | Reached XP level 5. HP: 41/42 MP: 7/7
  5092 | D:4      | Noticed Duvessa
  5092 | D:4      | Noticed Dowan
  5100 | D:4      | Found a glowing drain.
  5110 | Sewer    | Entered a sewer
  5168 | Sewer    | Reached skill level 4 in Invocations
  5468 | Sewer    | HP: 9/42 [bullfrog (7)]
  5469 | Sewer    | HP: 4/42 [bullfrog (5)]
  5471 | Sewer    | Slain by a bullfrog

Vanquished Creatures
  A scorpion (D:4)
  Terence (D:3)
  An adder (Sewer)
  3 gnolls
  3 dart slugs (D:1)
  4 endoplasms
  11 giant cockroaches
  11 goblins
  8 hobgoblins
  6 jackals
  7 quokkas
  17 ball pythons
  5 bats
  9 frilled lizards
  8 kobolds
  6 rats
101 creatures vanquished.

Table legend:
 A = Non-vault XP
 B = Vault XP
 C = Vault XP percentage of total XP
 D = Non-vault monster count
 E = Vault monster count
 F = Vault count percentage of total count
                 A         B        C        D         E       F
            +---------+---------+-------+---------+---------+-------
      Total |     167 |     175 |  51.2 |      75 |      26 |  25.7
            +---------+---------+-------+---------+---------+-------
        D:1 |      42 |       6 |  12.5 |      24 |       2 |   7.7
        D:2 |      53 |       0 |   0.0 |      23 |       0 |   0.0
        D:3 |      56 |      40 |  41.7 |      19 |       3 |  13.6
        D:4 |      16 |      89 |  84.8 |       9 |       2 |  18.2
      Sewer |       0 |      40 | 100.0 |       0 |      19 | 100.0
            +---------+---------+-------+---------+---------+-------

Illustrated notes

Table legend:
 A = Kills in this place as a percentage of kills in entire the game.
 B = Kills by you in this place as a percentage of kills by you in the entire game.
 C = Kills by friends in this place as a percentage of kills by friends in the entire game.
 D = Other kills in this place as a percentage of other kills in the entire game.
 E = Experience gained in this place as a percentage of experience gained in the entire game.
 F = Experience gained in this place divided by the number of levels of this place that you have seen.
                   A       B       C       D       E      F
               +-------+-------+-------+-------+-------+----------------------
         Total | 100.0 | 100.0 |   N/A |   N/A | 100.0 |  57.0
       Dungeon |  81.2 |  81.2 |   N/A |   N/A |  88.3 |  75.5
         Sewer |  18.8 |  18.8 |   N/A |   N/A |  11.7 |  40.0
               +-------+-------+-------+-------+-------+----------------------

Table legend: (Time is in decaauts)
 A = Elapsed time spent in this place.
 B = Non-inter-level travel time spent in this place.
 C = Inter-level travel time spent in this place.
 D = Time resting spent in this place.
 E = Time spent auto-exploring this place.
 F = Levels seen in this place.
 G = Mean time per level.
                   A        B        C        D        E       F      G
               +--------+--------+--------+--------+--------+-----+--------+
         Total |   5483 |   5401 |     82 |    955 |   3374 |   6 |  913.8 |
       Dungeon |   4913 |   4831 |     82 |    955 |   2995 |   4 | 1228.2 |
         Abyss |    188 |    188 |      0 |      0 |    158 |   1 |  188.0 |
         Sewer |    381 |    381 |      0 |      0 |    221 |   1 |  381.0 |
               +--------+--------+--------+--------+--------+-----+--------+

Top non-repeatable levels by time:
     D:2: 1823 daAuts
     D:1: 1384 daAuts
     D:3: 1277 daAuts
     D:4: 428 daAuts
   Sewer: 381 daAuts
 Abyss:1: 188 daAuts
